 Dungeon Crawl Stone Soup version 0.31-a0-256-g80acddb972 (webtiles) character file.

Game seed: 4943970784458043857

1509 Nattfarinn the Ruffian (level 8, -3/79 HPs)
             Began as a Troll Shapeshifter on July 12, 2023.
             Killed by divine providence
             ... invoked by an orc priest
              (7 damage)
             ... on level 7 of the Dungeon.
             The game lasted 00:04:40 (4148 turns).

Nattfarinn the Ruffian (Troll Shapeshifter)         Turns: 4148, Time: 00:04:41

Health: -3/79      AC:  4    Str: 26    XL:     8   Next: 53%
Magic:  7/7        EV:  9    Int:  4    God:
Gold:   298        SH:  0    Dex: 10    Spells: 7/7 levels left

rFire   . .          .
                       - Unarmed
rCold   . . .        (no shield)
rNeg    . . .        a - +0 animal skin
rPois   .            (helmet currently unavailable)
rElec   .            (cloak currently unavailable)
rCorr   .            (gloves unavailable)
SInv    .            (boots unavailable)
Will    .....        (no amulet)
Stlth   +            (no ring)
HPRegen 1.13/turn    (no ring)
MPRegen 0.10/turn

%: no passive effects
@: confused, lethally poisoned (-3 -> -22), beast-form, ambrosia-drunk
A: beast (slay +3), large, unfitting armour, claws 3, regeneration 1, shaggy fur
1, tough skin 1
a: no special abilities


You were on level 7 of the Dungeon.
You were a hulking beast.
You visited 2 branches of the dungeon, and saw 8 of its levels.

You collected 298 gold pieces.

Inventory:

Armour
 a - a +0 animal skin (worn)
Jewellery
 o - a ring of wizardry
 w - a ring of poison resistance
 y - a ring of resist corrosion
Talismans
 c - a beast talisman
Wands
 v - a wand of flame (17)
 B - a wand of mindburst (22)
Scrolls
 d - 2 scrolls of amnesia {unknown}
 e - a scroll of enchant weapon {unknown}
 f - 3 scrolls of identify {unknown}
 h - a scroll of silence {unknown}
 k - a scroll of immolation {unknown}
 l - 2 scrolls of enchant armour {unknown}
 m - a scroll of acquirement {unknown}
 n - 4 scrolls of vulnerability {unknown}
 p - a scroll of brand weapon {unknown}
 q - a scroll of torment {unknown}
 r - a scroll of blinking {unknown}
 s - a scroll of poison {unknown}
 u - a scroll of teleportation {unknown}
Potions
 b - a potion of lignification
 g - 2 potions of mutation {unknown}
 i - 4 potions of heal wounds {unknown}
 j - 7 potions of curing {unknown}
 t - 2 potions of haste {unknown}
 x - a potion of cancellation {unknown}
 z - a potion of berserk rage {unknown}


   Skills:
 + Level 4.6 Fighting
 - Level 1.5 Dodging
 * Level 7.8 Unarmed Combat
 + Level 5.3 Shapeshifting


You had 7 spell levels left.
You didn't know any spells.
Your spell library contained the following spells:

 Spells                   Type           Power      Damage    Failure   Level
 Ensorcelled Hibernation  Hex/Ice        0%         N/A       65%         2
 Lesser Beckoning         Tloc           0%         N/A       65%         2
 Gell's Gravitas          Tloc           0%         N/A       86%         3
 Teleport Other           Tloc           0%         N/A       86%         3
 Anguish                  Hex/Necr       0%         N/A       99%         4


Dungeon Overview and Level Annotations

Branches:
Dungeon (7/15)             Temple (1/1) D:4

Altars:
Ashenzari
Cheibriados
Dithmenos
Fedhas
Gozag
Hepliaklqana
Kikubaaqudgha
Makhleb
Okawaru
Qazlal
Ru
Uskayaw
Vehumet
Wu Jian
Xom
Yredelemnul
Zin
The Shining One

Shops:
D:6 =


Innate Abilities, Weirdness & Mutations

You are a hulking beast.
Your limbs bulge with bestial killing power. (Slay +3)
You are too large for most types of armour.
You have claws for hands.
Your natural rate of healing is unusually fast.
You are covered in fur. (AC +1)
You have tough skin. (AC +1)


Message History

You kill the bullfrog!
You feel sick.
You closely miss something.
You feel sick. Something hits you but does no damage.
The orc priest invokes the aid of Beogh against you.
Pain shoots through your body!
You scratch something but do no damage.
You feel sick. Something hits you but does no damage.
The orc barely misses you.
The orc priest hits you with a +0 dagger of venom.
You are more poisoned.
You completely miss something.
You feel sick. Something hits you but does no damage.
The orc hits you with a +0 club.
The orc priest hits you with a +0 dagger of venom.
You are more poisoned.
You scratch something.
You feel very sick. Something hits you. The orc hits you with a +0 club.
The orc priest hits you but does no damage.
You are more poisoned.
You miss something.
You feel very sick.
You hear some strange, mumbled words.
A puff of flame appears from out of thin air!
The puff of flame hits you!
* * * LOW HITPOINT WARNING * * *
The orc hits you with a +0 club.
* * * LOW HITPOINT WARNING * * *
The orc priest hits you with a +0 dagger of venom.
* * * LOW HITPOINT WARNING * * *
You are more poisoned.
You are confused.
You feel invigorated.
* * * LOW HITPOINT WARNING * * *
You feel extremely sick.
You hear some strange, mumbled words.
You are more confused.
The orc hits you but does no damage.
The orc priest invokes the aid of Beogh against you.
Beogh smites you!
You die...

............
.............###.
.................#
..................
................##
...............##.
...............#._
#....{...$..##.
##..ho.......##
#....o.........
###.............#
#.#.............###
...........#.#...#
.##...<...###..##
.....#.....# .#
.....##.##.# # ...
...#.#


You could see an orc priest and an orc.

Vanquished Creatures
  Grinder (D:6)
  2 ice beasts (D:5)
  A sky beast (D:6)
  3 phantoms
  2 bullfrogs
  A scorpion (D:4)
  A jelly (D:5)
  A howler monkey (D:6)
  A gnoll bouda (D:5)
  2 hounds (D:5)
  3 orc priests
  Jessica (D:3)
  3 iguanas
  2 orc wizards
  4 adders
  7 gnolls
  2 white imps
  4 worms
  9 dart slugs
  10 orcs
  2 bats
  6 endoplasms
  3 giant cockroaches
  5 goblins
  2 hobgoblins
  4 jackals (D:4)
  8 kobolds
  3 quokkas
  5 ball pythons
  6 frilled lizards
  3 rats
107 creatures vanquished.

Notes
Turn   | Place    | Note
-------+----------+-------------------------------------------
     0 | D:1      | Nattfarinn the Troll Shapeshifter began the quest for the
                  | Orb.
     0 | D:1      | Reached XP level 1. HP: 19/19 MP: 0/0
    98 | D:1      | You fall into a shaft and drop 1 floor!
   201 | D:1      | Reached XP level 2. HP: 27/28 MP: 1/1
   635 | D:2      | Reached XP level 3. HP: 33/35 MP: 2/2
   681 | D:2      | Reached skill level 3 in Unarmed Combat
  1196 | D:3      | Noticed Jessica
  1199 | D:3      | Killed Jessica
  1200 | D:3      | Reached XP level 4. HP: 42/42 MP: 3/3
  1804 | D:4      | Noticed a scorpion
  1813 | D:4      | Killed a scorpion
  1814 | D:4      | Reached skill level 4 in Unarmed Combat
  1814 | D:4      | Reached XP level 5. HP: 41/50 MP: 4/4
  1898 | D:4      | Found a staircase to the Ecumenical Temple.
  1938 | D:5      | Entered Level 5 of the Dungeon
  1952 | Temple   | Entered the Ecumenical Temple
  2008 | D:4      | Found a broken altar of Ashenzari.
  2150 | D:4      | Found a radiant altar of Vehumet.
  2195 | D:4      | Reached XP level 6. HP: 59/59 MP: 5/5
  2420 | D:4      | Reached skill level 5 in Unarmed Combat
  2740 | D:5      | Noticed an ice beast
  2746 | D:5      | Killed an ice beast
  2784 | D:5      | Reached XP level 7. HP: 65/67 MP: 6/6
  2937 | D:5      | Found a glowing silver altar of Zin.
  2957 | D:5      | Found a blossoming altar of Fedhas.
  2972 | D:5      | Reached skill level 6 in Unarmed Combat
  3486 | D:6      | Reached XP level 8. HP: 78/78 MP: 7/7
  3488 | D:6      | Found Xaufeg's Jewellery Shoppe.
  3494 | D:6      | Reached skill level 7 in Unarmed Combat
  3654 | D:6      | Reached skill level 5 in Shapeshifting
  3668 | D:6      | Noticed Grinder
  3669 | D:6      | Paralysed by Grinder for 3 turns
  3678 | D:6      | Killed Grinder
  3852 | D:6      | Found a hide-covered altar of Uskayaw.
  3872 | D:6      | Found a hazy altar of Hepliaklqana.
  4134 | D:7      | Found a shadowy altar of Dithmenos.
  4148 | D:7      | Killed from afar by an orc priest

Illustrated notes

Levels and vault maps discovered:
D:1:      eino_arrival_cavern_a, layout_rooms
D:2:      layout_basic
D:3:      kennysheep_slugbush, layout_basic, uniq_jessica
D:4:      layout_loops_ring, nicolae_vehumet_altar_sigil,
          cheibrodos_ashenzari_chains, minmay_temple_entry_tees, serial_glass,
          glass_columns_a, glass_columns_c
D:5:      layout_basic, mainiacjoe_overflow_large_starburst
D:6:      layout_loops_ring, mainiacjoe_overflow_boulevard,
          kennysheep_little_box, serial_shops, shop, uniq_grinder
D:7:      minmay_spotlight, layout_cave_pools, elyvilon_altar_5,
          lemuel_coloured_pillars_altar,
          nicolae_dithmenos_through_a_glass_darkly, enter_bailey_5,
          feat_on_display
Temple:   nicolae_temple_ecumenical_triangle

Skill      XL: |  1  2  3  4  5  6  7  8 |
---------------+-------------------------+-----
Fighting       | 2 3 4 |  4.6
Unarmed Combat | 3 4 5 6 7 |  7.8
Shapeshifting  | 4 5 |  5.3
Dodging        | |  1.5

Action                     |  1- 3 |  4- 6 |  7- 9 || total
---------------------------+-------+-------+-------++-------
  Melee: Unarmed           |    76 |   107 |    78 ||   261
         Punch             |     1 |     6 |     9 ||    16
    Use: Potion            |       |     1 |     1 ||     2
   Stab: Sleeping          |       |     1 |       ||     1
 Armour: Animal skin       |    12 |    29 |    28 ||    69
  Dodge: Dodged            |    29 |    39 |    27 ||    95

Table legend: (Time is in decaauts)
 A = Elapsed time spent in this place.
 B = Non-inter-level travel time spent in this place.
 C = Inter-level travel time spent in this place.
 D = Time resting spent in this place.
 E = Time spent auto-exploring this place.
 F = Levels seen in this place.
 G = Mean time per level.
                   A        B        C        D        E       F      G
               +--------+--------+--------+--------+--------+-----+--------+
         Total |   4124 |   3833 |    291 |      0 |   3219 |   8 |  515.5 |
       Dungeon |   4080 |   3808 |    272 |      0 |   3201 |   7 |  582.9 |
        Temple |     43 |     25 |     18 |      0 |     18 |   1 |   43.0 |
               +--------+--------+--------+--------+--------+-----+--------+

Top non-repeatable levels by time:
     D:5: 850 daAuts
     D:4: 768 daAuts
     D:3: 695 daAuts
     D:6: 647 daAuts
     D:2: 618 daAuts
     D:1: 477 daAuts
  Temple: 43 daAuts
     D:7: 22 daAuts
